TOP OF THE 1ST |
Batavia Muckdogs batting - Pitching for Cincinnati (NYP) Reds : LHP Juan Garcia
|
Pitching: LHP Juan Garcia
|
|
Batting: RHB Calvin Morin
|
0-0: Ball 1-0: Foul Ball, location: 2F 1-1: Ground out 6-3 (Groundball, 56, EV 93.1 MPH)
|
Batting: LHB David Doge
|
0-0: Ball 1-0: Ground out 4-3 (Groundball, 4, EV 84.4 MPH)
|
Batting: RHB Jim Fisher
|
0-0: Called Strike 0-1: Ball 1-1: Ground out 4-3 (Groundball, 34D, EV 93.8 MPH)
|
Top of the 1st over - 0 runs, 0 hits, 0 errors, 0 left on base; Batavia 0 - Cincinnati (NYP) 0 |
BOTTOM OF THE 1ST |
Cincinnati (NYP) Reds batting - Pitching for Batavia Muckdogs : RHP Gabe Behrend
|
Pitching: RHP Gabe Behrend
|
|
Batting: SHB Bryan Johnston
|
0-0: Foul Ball, location: 2F 0-1: Ball 1-1: Fly out, F8 (Line Drive, 8LD, EV 91.9 MPH)
|
Batting: LHB Fernando Gomez
|
0-0: Foul Ball, location: 2F 0-1: Ball 1-1: Ground out 6-3 (Groundball, 6, EV 109.4 MPH)
|
Batting: RHB Ricky Carbajal
|
0-0: Fly out, F3 (Flyball, 34D, EV 75.6 MPH)
|
Bottom of the 1st over - 0 runs, 0 hits, 0 errors, 0 left on base; Batavia 0 - Cincinnati (NYP) 0 |
TOP OF THE 2ND |
Batavia Muckdogs batting - Pitching for Cincinnati (NYP) Reds : LHP Juan Garcia
|
Batting: RHB Len Graham
|
0-0: Called Strike 0-1: Called Strike 0-2: Foul Ball, location: 2F 0-2: Ball 1-2: Strikes out swinging
|
Batting: LHB Ryan Thompson
|
0-0: Called Strike 0-1: Ball 1-1: Swinging Strike 1-2: Strikes out looking
|
Batting: RHB Hiromitsu Yamada
|
0-0: Called Strike 0-1: Ball 1-1: Ball 2-1: Swinging Strike 2-2: Strikes out swinging, 2-3 out at first.
|
Top of the 2nd over - 0 runs, 0 hits, 0 errors, 0 left on base; Batavia 0 - Cincinnati (NYP) 0 |
BOTTOM OF THE 2ND |
Cincinnati (NYP) Reds batting - Pitching for Batavia Muckdogs : RHP Gabe Behrend
|
Batting: RHB Jamie Ingram
|
0-0: Ball 1-0: Ball 2-0: Ball 3-0: Base on Balls
|
Batting: RHB Bill Hainey
|
0-0: Ball 1-0: Ball 2-0: Ball 3-0: Called Strike 3-1: Grounds into double play, 5-4-3 (Groundball, 56S, EV 85.6 MPH)
|
Batting: RHB Alex Cruz
|
0-0: Ball 1-0: Called Strike 1-1: Ground out 6-3 (Groundball, 6, EV 105.0 MPH)
|
Bottom of the 2nd over - 0 runs, 0 hits, 0 errors, 0 left on base; Batavia 0 - Cincinnati (NYP) 0 |
TOP OF THE 3RD |
Batavia Muckdogs batting - Pitching for Cincinnati (NYP) Reds : LHP Juan Garcia
|
Batting: RHB Jayson Johnson
|
0-0: SINGLE (Groundball, 6MD, EV 100.6 MPH)
|
Batting: RHB Jeremy Dennis
|
0-0: Ball 1-0: Ball 2-0: Called Strike 2-1: Ball 3-1: Foul Ball, location: 2F 3-2: Strikes out swinging
|
Batting: RHB Jose Trevino
|
0-0: Called Strike 0-1: Called Strike 0-2: Grounds into double play, 6-4-3 (Groundball, 6, EV 90.0 MPH)
|
Top of the 3rd over - 0 runs, 1 hit, 0 errors, 0 left on base; Batavia 0 - Cincinnati (NYP) 0 |
BOTTOM OF THE 3RD |
Cincinnati (NYP) Reds batting - Pitching for Batavia Muckdogs : RHP Gabe Behrend
|
Batting: RHB Kagetoki Kawai
|
0-0: Foul Ball, location: 2F 0-1: Reached on error, E6 (Groundball, 6, EV 85.6 MPH)
|
Batting: RHB Danny Pontius
|
0-0: Ball Kagetoki Kawai steals 2nd base 1-0: Ball 2-0: Ball 3-0: Called Strike 3-1: SINGLE (Groundball, 4M, EV 97.5 MPH) (infield hit) Kagetoki Kawai to third
|
Batting: LHB Josiah Leath
|
0-0: Foul Ball, location: 2F 0-1: Ball 1-1: Ball 2-1: Foul Ball, location: 2F 2-2: Fielders Choice at 2nd, 6-4 (Groundball, 6, EV 98.1 MPH) Kagetoki Kawai scores
|
Pitching: RHP Ryan Babbitt
|
|
Batting: SHB Bryan Johnston
|
0-0: Called Strike Josiah Leath steals 2nd base 0-1: Foul Ball, location: 5F, Error on foul ball, E5 0-2: Ball 1-2: Fly out, F6 (Flyball, 5D, EV 85.6 MPH)
|
Batting: LHB Fernando Gomez
|
0-0: Called Strike Josiah Leath steals 3rd base 0-1: DOUBLE (Line Drive, 78XD, EV 108.8 MPH) Josiah Leath scores
|
Batting: RHB Ricky Carbajal
|
0-0: Ball 1-0: SINGLE (Groundball, 6D, EV 103.8 MPH) Fernando Gomez to third Runner from 3rd tries for Home, SAFE, throw by LF to home Ricky Carbajal to second
|
Batting: RHB Jamie Ingram
|
0-0: Foul Ball, location: 2F 0-1: Ball Ricky Carbajal steals 3rd base 1-1: Ball 2-1: SINGLE (Line Drive, 6D, EV 96.2 MPH) Ricky Carbajal scores
|
Batting: RHB Bill Hainey
|
0-0: Ball 1-0: Called Strike 1-1: Fielders Choice at 2nd, U4 (Groundball, 4M, EV 115.0 MPH)
|
Bottom of the 3rd over - 4 runs, 4 hits, 2 errors, 1 left on base; Batavia 0 - Cincinnati (NYP) 4 |
TOP OF THE 4TH |
Batavia Muckdogs batting - Pitching for Cincinnati (NYP) Reds : LHP Juan Garcia
|
Batting: RHB Calvin Morin
|
0-0: Ball 1-0: Ball 2-0: SINGLE (Groundball, 6D, EV 103.1 MPH)
|
Batting: LHB David Doge
|
0-0: Called Strike 0-1: Swinging Strike 0-2: Fly out, F6 (Line Drive, 6, EV 75.6 MPH)
|
Batting: RHB Jim Fisher
|
0-0: Called Strike 0-1: Ball 1-1: Ball Calvin Morin is caught stealing 2nd base 2-4 2-1: Ground out 6-3 (Groundball, 6, EV 83.8 MPH)
|
Top of the 4th over - 0 runs, 1 hit, 0 errors, 0 left on base; Batavia 0 - Cincinnati (NYP) 4 |
BOTTOM OF THE 4TH |
Cincinnati (NYP) Reds batting - Pitching for Batavia Muckdogs : RHP Ryan Babbitt
|
Batting: RHB Alex Cruz
|
0-0: Ball 1-0: Called Strike 1-1: Ball 2-1: SINGLE (Line Drive, 7LM, EV 108.1 MPH)
|
Pitching: RHP Scott Feltham
|
|
Batting: RHB Kagetoki Kawai
|
0-0: Called Strike 0-1: Ball 1-1: Called Strike 1-2: Fly out, F3 (Popup, 3F, EV 70.6 MPH)
|
Batting: RHB Danny Pontius
|
0-0: Called Strike 0-1: Ball 1-1: Foul Ball, location: 2F 1-2: Ball 2-2: Ball 3-2: Base on Balls Alex Cruz to second
|
Batting: LHB Josiah Leath
|
0-0: Foul Ball, location: 2F 0-1: Ball 1-1: Foul Ball, location: 2F 1-2: Ball 2-2: Fielders Choice at 2nd, 4-6 (Groundball, 4, EV 103.1 MPH) Alex Cruz to third
|
Batting: SHB Bryan Johnston
|
0-0: Ball 1-0: SINGLE (Groundball, 34D, EV 105.0 MPH) (infield hit) Alex Cruz scores Josiah Leath to second
|
Batting: LHB Fernando Gomez
|
0-0: Ball 1-0: Ball 2-0: Foul Ball, location: 2F 2-1: Swinging Strike 2-2: Foul Ball, location: 2F 2-2: Ball 3-2: DOUBLE (Line Drive, 78XD, EV 105.6 MPH) Josiah Leath scores Bryan Johnston to third Bryan Johnston scores
|
Pitching: LHP Kunji Fukasawa
|
|
Batting: RHB Ricky Carbajal
|
0-0: SINGLE (Groundball, 6D, EV 99.4 MPH) Fernando Gomez to third Runner from 3rd tries for Home, SAFE, throw by CF to home Ricky Carbajal to second
|
Batting: RHB Jamie Ingram
|
0-0: Called Strike 0-1: Ball 1-1: Foul Ball, location: 2F 1-2: Ball 2-2: Foul Ball, location: 2F 2-2: Foul Ball, location: 2F 2-2: Foul Ball, location: 2F 2-2: Ground out 5-3 (Groundball, 15, EV 81.9 MPH)
|
Bottom of the 4th over - 4 runs, 4 hits, 0 errors, 1 left on base; Batavia 0 - Cincinnati (NYP) 8 |
TOP OF THE 5TH |
Batavia Muckdogs batting - Pitching for Cincinnati (NYP) Reds : LHP Juan Garcia
|
Batting: RHB Len Graham
|
0-0: Called Strike 0-1: Foul Ball, location: 2F 0-2: Reached on error, E6 (Line Drive, 6, EV 65.0 MPH)
|
Batting: LHB Ryan Thompson
|
0-0: Called Strike 0-1: Ball 1-1: Ball 2-1: Called Strike 2-2: Hit by Pitch Len Graham to second
|
Batting: RHB Hiromitsu Yamada
|
0-0: Foul Ball, location: 2F 0-1: Fly out, F9 (Flyball, 89M, EV 89.4 MPH)
|
Batting: RHB Jayson Johnson
|
0-0: Ball Len Graham steals 3rd base (no throw) 1-0: Called Strike 1-1: Ball 2-1: Called Strike 2-2: Fielders Choice at 2nd, 6-4 (Groundball, 6, EV 85.6 MPH) Len Graham scores
|
Batting: RHB Jeremy Dennis
|
0-0: Called Strike 0-1: Called Strike 0-2: Ball 1-2: Ball 2-2: Ball 3-2: Ground out 6-3 (Groundball, 6, EV 87.5 MPH)
|
Top of the 5th over - 1 run, 0 hits, 1 error, 1 left on base; Batavia 1 - Cincinnati (NYP) 8 |
BOTTOM OF THE 5TH |
Cincinnati (NYP) Reds batting - Pitching for Batavia Muckdogs : LHP Kunji Fukasawa
|
Batting: RHB Bill Hainey
|
0-0: Ball 1-0: Ball 2-0: Ball 3-0: Base on Balls
|
Batting: RHB Alex Cruz
|
0-0: Ball 1-0: Grounds into double play, 4-6-3 (Groundball, 34D, EV 98.1 MPH)
|
Batting: RHB Kagetoki Kawai
|
0-0: Swinging Strike 0-1: Foul Ball, location: 2F 0-2: Strikes out swinging
|
Bottom of the 5th over - 0 runs, 0 hits, 0 errors, 0 left on base; Batavia 1 - Cincinnati (NYP) 8 |
TOP OF THE 6TH |
Batavia Muckdogs batting - Pitching for Cincinnati (NYP) Reds : LHP Juan Garcia
|
Batting: RHB Jose Trevino
|
0-0: Ball 1-0: Swinging Strike 1-1: Swinging Strike 1-2: Strikes out looking
|
Batting: RHB Calvin Morin
|
0-0: Ball 1-0: Ball 2-0: Ball 3-0: Called Strike 3-1: Reached on error, E1 (Groundball, 15S, EV 66.2 MPH)
|
Batting: LHB David Doge
|
0-0: Swinging Strike 0-1: Ball 1-1: Ball 2-1: Swinging Strike 2-2: Strikes out swinging
|
Batting: RHB Jim Fisher
|
0-0: Ball 1-0: Swinging Strike 1-1: Called Strike 1-2: Ball 2-2: Ball Passed Ball! Calvin Morin to third 3-2: Strikes out looking
|
Top of the 6th over - 0 runs, 0 hits, 1 error, 1 left on base; Batavia 1 - Cincinnati (NYP) 8 |
BOTTOM OF THE 6TH |
Cincinnati (NYP) Reds batting - Pitching for Batavia Muckdogs : LHP Kunji Fukasawa
|
Pitching: RHP Alex Garza
|
|
Batting: RHB Danny Pontius
|
0-0: Ball 1-0: Ball 2-0: Called Strike 2-1: Ball 3-1: Fly out, F9 (Flyball, 89D, EV 95.6 MPH)
|
Batting: LHB Josiah Leath
|
0-0: Ball 1-0: Called Strike 1-1: Ball 2-1: DOUBLE (Line Drive, 7LM, EV 105.0 MPH)
|
Batting: SHB Bryan Johnston
|
0-0: Called Strike 0-1: Foul Ball, location: 2F 0-2: Foul Ball, location: 2F 0-2: Ball 1-2: SINGLE (Line Drive, 6D, EV 95.0 MPH) Josiah Leath to third Runner from 3rd tries for Home, SAFE, throw by CF to home
|
Batting: LHB Fernando Gomez
|
0-0: SINGLE (Groundball, 6MD, EV 96.9 MPH) Bryan Johnston to second
|
Batting: RHB Ricky Carbajal
|
0-0: Ball 1-0: Called Strike 1-1: Ball 2-1: Called Strike 2-2: Grounds into double play, 6-4-3 (Groundball, 6, EV 86.9 MPH)
|
Bottom of the 6th over - 1 run, 3 hits, 0 errors, 1 left on base; Batavia 1 - Cincinnati (NYP) 9 |
TOP OF THE 7TH |
Batavia Muckdogs batting - Pitching for Cincinnati (NYP) Reds : LHP Juan Garcia
|
Batting: RHB Len Graham
|
0-0: Swinging Strike 0-1: Foul Ball, location: 2F 0-2: Foul Ball, location: 2F 0-2: Ball 1-2: Foul Ball, location: 2F 1-2: Strikes out looking
|
Batting: LHB Ryan Thompson
|
0-0: Ball 1-0: Ball 2-0: Ball 3-0: Base on Balls
|
Batting: RHB Hiromitsu Yamada
|
0-0: Fielders Choice at 2nd, 6-4 (Groundball, 6MD, EV 88.1 MPH)
|
Batting: RHB Jayson Johnson
|
0-0: Called Strike Hiromitsu Yamada steals 2nd base (no throw) 0-1: Foul Ball, location: 2F 0-2: Ground out 6-3 (Groundball, 6M, EV 106.9 MPH)
|
Top of the 7th over - 0 runs, 0 hits, 0 errors, 1 left on base; Batavia 1 - Cincinnati (NYP) 9 |
BOTTOM OF THE 7TH |
Cincinnati (NYP) Reds batting - Pitching for Batavia Muckdogs : RHP Alex Garza
|
Pitching: RHP Giampaolo Nobile
|
|
Batting: RHB Jamie Ingram
|
0-0: Ball 1-0: Foul Ball, location: 2F 1-1: SINGLE (Groundball, 34D, EV 102.5 MPH)
|
Batting: RHB Bill Hainey
|
0-0: Called Strike 0-1: Ball 1-1: SINGLE (Flyball, 89S, EV 95.0 MPH) Jamie Ingram to second
|
Pinch Hitting: RHB Jon Conklin
|
0-0: Ball 1-0: Foul Ball, location: 2F 1-1: Swinging Strike 1-2: Strikes out swinging
|
Batting: RHB Kagetoki Kawai
|
0-0: Ball 1-0: SINGLE (Line Drive, 34D, EV 95.6 MPH) Jamie Ingram to third Bill Hainey to second Runner from 3rd tries for Home, SAFE, throw by RF to home Bill Hainey to third Kagetoki Kawai to second
|
Batting: RHB Danny Pontius
|
0-0: Ball 1-0: Called Strike 1-1: Ball 2-1: SINGLE (Line Drive, 4D, EV 106.9 MPH) Bill Hainey scores Kagetoki Kawai to third Throwing error, E9 Kagetoki Kawai scores Danny Pontius to second
|
Batting: LHB Josiah Leath
|
0-0: SINGLE (Groundball, 4MD, EV 99.4 MPH) Danny Pontius to third
|
Batting: SHB Bryan Johnston
|
0-0: Ball 1-0: Ball 2-0: Foul Ball, location: 2F 2-1: Swinging Strike 2-2: Strikes out looking
|
Pitching: RHP Emilio Montalvo
|
|
Batting: LHB Fernando Gomez
|
0-0: Foul Ball, location: 2F 0-1: Ball Balk! Danny Pontius scores Josiah Leath to second 1-1: Foul Ball, location: 2F 1-2: Ball 2-2: Ball 3-2: Base on Balls
|
Pinch Hitting: SHB Miguel Macias
|
0-0: Ball 1-0: Ball 2-0: Ball 3-0: Base on Balls Josiah Leath to third Fernando Gomez to second
|
Batting: RHB Jamie Ingram
|
0-0: SINGLE (Line Drive, 9S, EV 105.0 MPH) Josiah Leath scores Fernando Gomez to third Miguel Macias to second
|
Batting: RHB Bill Hainey
|
0-0: Ball 1-0: Swinging Strike 1-1: Fly out, F7 (Flyball, 78M, EV 88.1 MPH)
|
Bottom of the 7th over - 5 runs, 6 hits, 1 error, 3 left on base; Batavia 1 - Cincinnati (NYP) 14 |
TOP OF THE 8TH |
Batavia Muckdogs batting - Pitching for Cincinnati (NYP) Reds : LHP Juan Garcia
|
Now at 1B: Pete Orban
|
|
Now in RF: Miguel Macias
|
|
Batting: RHB Jeremy Dennis
|
0-0: Called Strike 0-1: Foul Ball, location: 2F 0-2: Strikes out looking
|
Batting: RHB Jose Trevino
|
0-0: Called Strike 0-1: Ball 1-1: Ball 2-1: SINGLE (Line Drive, 9LS, EV 90.0 MPH)
|
Pitching: RHP Tim Sanches
|
|
Pinch Hitting: LHB Andrew van Dongen
|
0-0: Ball 1-0: Foul Ball, location: 2F 1-1: Called Strike 1-2: Ball 2-2: Foul Ball, location: 2F 2-2: Ball 3-2: Fielders Choice at 2nd, 3-6 (Groundball, 3, EV 81.9 MPH)
|
Batting: LHB David Doge
|
0-0: Ball 1-0: Foul Ball, location: 2F 1-1: SINGLE (Line Drive, 78S, EV 93.1 MPH) Andrew van Dongen to second
|
Batting: RHB Jim Fisher
|
0-0: Ball 1-0: Foul Ball, location: 2F 1-1: Ball 2-1: Foul Ball, location: 2F 2-2: Strikes out swinging
|
Top of the 8th over - 0 runs, 2 hits, 0 errors, 2 left on base; Batavia 1 - Cincinnati (NYP) 14 |
BOTTOM OF THE 8TH |
Cincinnati (NYP) Reds batting - Pitching for Batavia Muckdogs : RHP Emilio Montalvo
|
Now in CF: David Doge
|
|
Now in RF: Andrew van Dongen
|
|
Batting: RHB Pete Orban
|
0-0: Ball 1-0: Foul Ball, location: 2F 1-1: Called Strike 1-2: Ball 2-2: Foul Ball, location: 2F 2-2: TRIPLE (Flyball, 8LXD, EV 97.5 MPH)
|
Batting: RHB Kagetoki Kawai
|
0-0: Called Strike 0-1: Ball 1-1: Foul Ball, location: 2F 1-2: Ball 2-2: Ball 3-2: Fly out, F3 (Popup, 3F, EV 63.1 MPH)
|
Batting: RHB Danny Pontius
|
0-0: Foul Ball, location: 2RF, Error on foul ball, E2 0-1: Ground out 6-3 (Groundball, 6, EV 79.4 MPH) Pete Orban scores
|
Batting: LHB Josiah Leath
|
0-0: Called Strike 0-1: Called Strike 0-2: Ball 1-2: Hit by Pitch
|
Batting: SHB Bryan Johnston
|
0-0: Foul Ball, location: 2F 0-1: Ball 1-1: Foul Ball, location: 2F Balk! Josiah Leath to second 1-2: Foul Ball, location: 2F 1-2: Strikes out swinging
|
Bottom of the 8th over - 1 run, 1 hit, 1 error, 1 left on base; Batavia 1 - Cincinnati (NYP) 15 |
TOP OF THE 9TH |
Batavia Muckdogs batting - Pitching for Cincinnati (NYP) Reds : RHP Tim Sanches
|
Batting: RHB Len Graham
|
0-0: Foul Ball, location: 2F 0-1: Ball 1-1: Ground out U3 (Groundball, 3S, EV 75.0 MPH)
|
Batting: LHB Ryan Thompson
|
0-0: Fly out, F8 (Flyball, 89M, EV 78.8 MPH)
|
Batting: RHB Hiromitsu Yamada
|
0-0: Ball 1-0: Foul Ball, location: 2F 1-1: Ball 2-1: Ball 3-1: Base on Balls
|
Batting: RHB Jayson Johnson
|
0-0: Called Strike 0-1: Foul Ball, location: 2F 0-2: Strikes out looking
|
Top of the 9th over - 0 runs, 0 hits, 0 errors, 1 left on base; Batavia 1 - Cincinnati (NYP) 15 |
|